 Dungeon Crawl Stone Soup version 0.29-a0-380-gf50f0a9fbc (webtiles) character file.

Game seed: 13835952935851196906

3511 sammy202020 the Fighter (level 9, -7/97 (112) HPs)
             Began as a Demonspawn Berserker on May 6, 2022.
             Was an Elder of Trog.
             Mangled by a wight
             ... wielding a +5 halberd
              (8 damage)
             ... on level 8 of the Dungeon.
             The game lasted 00:12:18 (7520 turns).

sammy202020 the Fighter (Demonspawn Berserker)      Turns: 7520, Time: 00:12:19

HP:   -7/97 (112)   AC: 13    Str: 19    XL:     9   Next: 81%
MP:   9/9           EV:  9    Int: 11    God:    Trog [****..]
Gold: 458           SH:  0    Dex: 13    Spells: 8/8 levels left

rFire   . . .      SeeInvis +   c - +3 hand axe (drain)
rCold   . . .      Faith    .   (no shield)
rNeg    . . .      Spirit   .   g - +1 chain mail
rPois   .          Reflect  .   (helmet unavailable)
rElec   .          Harm     .   (no cloak)
rCorr   .          Rampage  .   d - +0 pair of gloves
Will    ++...                   f - +0 pair of boots
Stlth   ..........              i - amulet of regeneration
HPRegen 2.06/turn               (no ring)
MPRegen 0.11/turn               (no ring)

@: berserking, strong-willed, regenerating, heavily drained, very quick
A: antennae 3, foul stench 2
a: Renounce Religion, Berserk, Trog's Hand, Brothers in Arms


You were on level 8 of the Dungeon.
You worshipped Trog.
Trog was greatly pleased with you.
You visited 1 branch of the dungeon, and saw 8 of its levels.

You collected 458 gold pieces.

Inventory:

Hand Weapons
 c - a +3 hand axe of draining (weapon)
 j - the +4 whip of Xeywunil {protect, Stlth+}
   (You found it on level 2 of the Dungeon)

   It grants its wielder temporary protection when it strikes (+7 to AC).
   Stlth:     It makes you more stealthy.
 r - a +2 mace of protection
Missiles
 k - 4 boomerangs (quivered)
Armour
 d - a +0 pair of gloves (worn)
 f - a +0 pair of boots (worn)
 g - a +1 chain mail (worn)
Jewellery
 i - an amulet of regeneration (around neck)
 n - an amulet of magic regeneration
 p - a ring of fire
 q - an amulet of guardian spirit
 t - the ring "Kookk" {Fire +Blink Will+ MP+9 Dex-2}
   (You found it on level 6 of the Dungeon)

   [ring of fire]

   It enhances your fire magic.
   Dex:       It affects your dexterity (-2).
   rF:        It protects you from fire.
   rC:        It makes you vulnerable to cold.
   MP:        It affects your magic capacity (+9).
   +Blink:    It lets you blink.
   Will:      It increases your willpower.
Wands
 s - a wand of charming (13)
 y - a wand of polymorph (9)
Scrolls
 u - 2 scrolls of teleportation
 v - a scroll of enchant armour
 w - 2 scrolls of fog
Potions
 a - 4 potions of curing
 b - a potion of heal wounds
 e - 2 potions of cancellation
 h - 2 potions of brilliance
 l - 2 potions of lignification
 m - a potion of ambrosia
 o - a potion of flight {unknown}
 x - a potion of invisibility {unknown}


   Skills:
 * Level 8.7 Fighting
 * Level 8.0 Axes
 + Level 5.4 Armour
 + Level 5.4 Dodging


You had 8 spell levels left.
You didn't know any spells.
Your spell library was empty.

Dungeon Overview and Level Annotations

Branches:
Dungeon (8/15)             Temple (0/1) D:7
   Lair: D:8-11

Altars:


Innate Abilities, Weirdness & Mutations

You have a pair of large antennae on your head. (SInv)
You sometimes emit foul miasma when damaged in melee.


Message History

You closely miss the wight.
The wight hits you but does no damage. x2
The wight barely misses you.
You barely miss the wight.
The wight is lightly damaged.
You slash the wight! The wight hits you but does no damage.
The wight barely misses you. x2
You hit the wight.
The wight is severely damaged.
You hit the wight but do no damage. You hit the wight.
The wight barely misses you. The wight hits you but does no damage.
The wight barely misses you.
The wight hits you from afar with a +5 halberd.
You closely miss the wight. Your punch misses the wight.
The wight is severely damaged.
You barely miss the wight. You hit the wight. The wight closely misses you.
The wight hits you with a +3 flail.
The wight hits you with a +4 morningstar!
You feel drained.
* * * LOW HITPOINT WARNING * * *
The wight hits you from afar with a +5 halberd.
* * * LOW HITPOINT WARNING * * *
Your skin crawls.
You feel strong-willed. The wight hits you with a +0 hand axe.
* * * LOW HITPOINT WARNING * * *
You feel drained.
* * * LOW HITPOINT WARNING * * *
You emit a cloud of foul miasma!
The wight misses you.
The wight hits you with a +4 morningstar.
* * * LOW HITPOINT WARNING * * *
You feel drained. The wight barely misses you.
A red film seems to cover your vision as you go berserk!
You feel yourself moving faster!
You feel mighty! The wight hits you with a +0 hand axe.
* * * LOW HITPOINT WARNING * * *
You feel drained. The wight hits you with a +3 flail!
* * * LOW HITPOINT WARNING * * *
The wight hits you but does no damage.
The wight hits you from afar with a +5 halberd!
You die...

.# ......##...
.##...#.............
.....# .....##.....
....####.....#....
...##.#..#.......## # .
.........#........##.#..
........)#..............
............#..?zz.....<
...........)#...@zz.....
...............###.....#
...........>..## ....#
#..##...>...#.... ....
#.####....##....... ...
#.. ...........##... ..
....#.......# .. .
....##......# . .. ..##


You could see 4 wights.

Vanquished Creatures
  The ghost of thiscave3701365 the Cleaver, a novice MiBe of Trog (D:6)
  The ghost of Antichthon the Cudgeller, an amateur GrFi (D:5)
  3 yaks (D:5)
  Duvessa (D:4)
  3 ice beasts (D:6)
  A sky beast (D:7)
  An orc warrior (D:5)
  A centaur (D:7)
  5 ogres
  A kobold brigand (D:3)
  2 scorpions
  3 bullfrogs
  A necrophage (D:6)
  A hornet simulacrum (D:6)
  A wight (D:8)
  Dowan (D:4)
  A howler monkey (D:8)
  3 hounds
  3 orc priests
  Jessica (D:3)
  Natasha (D:2)
  5 iguanas
  2 orc wizards
  A killer bee simulacrum (D:6)
  11 gnolls
  5 adders
  3 white imps (D:6)
  A worm (D:2)
  4 dart slugs
  20 orcs
  3 ball pythons
  5 bats
  7 endoplasms
  4 giant cockroaches
  10 goblins
  11 hobgoblins
  A jackal (D:2)
  A quokka (D:3)
  3 frilled lizards
  45 kobolds
  10 rats
188 creatures vanquished.

Vanquished Creatures (others)
  An orc wizard (D:2)
1 creature vanquished.

Grand Total: 189 creatures vanquished

Notes
Turn   | Place    | Note
-------+----------+-------------------------------------------
     0 | D:1      | sammy202020 the Demonspawn Berserker began the quest for
                  | the Orb.
     0 | D:1      | Reached XP level 1. HP: 18/18 MP: 1/1
   406 | D:1      | Gained mutation: You have a pair of small antennae on your
                  | head. [demonic ancestry]
   406 | D:1      | Reached XP level 2. HP: 24/24 MP: 2/2
  1169 | D:2      | Gained mutation: You may rarely emit foul miasma when
                  | damaged in melee. [demonic ancestry]
  1169 | D:2      | Reached XP level 3. HP: 29/29 MP: 3/3
  1174 | D:2      | Found a faded altar of an unknown god.
  1187 | D:2      | Identified the +4 whip of Xeywunil {protect, Stlth+}
  1245 | D:2      | Reached ** piety under Trog
  1592 | D:2      | Noticed Natasha
  1599 | D:2      | Killed Natasha
  1600 | D:2      | Reached XP level 4. HP: 12/37 MP: 4/4
  2715 | D:3      | Reached XP level 5. HP: 41/42 MP: 5/5
  3136 | D:3      | Noticed Jessica
  3150 | D:3      | Killed Jessica
  3346 | D:3      | Gained mutation: You have a pair of antennae on your head.
                  | [demonic ancestry]
  3346 | D:3      | Reached XP level 6. HP: 40/49 MP: 6/6
  3351 | D:3      | Reached *** piety under Trog
  3546 | D:3      | Reached skill level 5 in Fighting
  3588 | D:3      | Reached **** piety under Trog
  3968 | D:4      | Reached XP level 7. HP: 52/56 MP: 7/7
  4068 | D:4      | Noticed Dowan
  4068 | D:4      | Noticed Duvessa
  4079 | D:4      | Killed Duvessa
  4080 | D:4      | Reached skill level 5 in Axes
  4084 | D:4      | Killed Dowan
  4220 | D:5      | Entered Level 5 of the Dungeon
  4323 | D:5      | Gained mutation: You sometimes emit foul miasma when
                  | damaged in melee. [demonic ancestry]
  4323 | D:5      | Reached XP level 8. HP: 21/64 MP: 8/8
  5201 | D:5      | Reached ***** piety under Trog
  5245 | D:5      | Found a large runed translucent door.
  5245 | D:5      | Found a large runed translucent door.
  5247 | D:5      | Noticed Antichthon's ghost (amateur GrFi)
  5290 | D:5      | Killed Antichthon's ghost
  5291 | D:5      | Gained mutation: You have a pair of large antennae on your
                  | head. (SInv) [demonic ancestry]
  5291 | D:5      | Reached XP level 9. HP: 29/72 MP: 9/9
  5411 | D:6      | Noticed thiscave3701365's ghost (novice MiBe)
  5438 | D:6      | Found a runed translucent gate.
  5438 | D:6      | Found a runed translucent gate.
  5438 | D:6      | Found a runed translucent gate.
  5511 | D:6      | Killed thiscave3701365's ghost
  5532 | D:6      | Reached skill level 5 in Armour
  5533 | D:6      | Reached skill level 5 in Dodging
  5726 | D:6      | Got the ring "Kookk" {Fire +Blink Will+ MP+9 Dex-2}
  6978 | D:7      | Found a staircase to the Ecumenical Temple.
  7520 | D:8      | HP: 1/97 [wight/+3 flail (11)]
  7520 | D:8      | Mangled by a wight

Illustrated notes

Levels and vault maps discovered:
D:1:      nagdon_arrival_double_spiral, layout_basic
D:2:      layout_basic, chequers_ecumenical_altar_twisty, minmay_circle_x,
          uniq_natasha
D:3:      minmay_goblin_kobold_castle, layout_loops_ring, uniq_jessica
D:4:      layout_cave_pools, uniq_duvessa
D:5:      layout_basic, ebering_ghost_disaster_area, kennysheep_generic_room_12
D:6:      layout_loops_corners, gammafunk_ghost_icy
D:7:      layout_gridville, minmay_temple_entry_fiery
D:8:      layout_cave_pools, ebering_ghost_inner_flame

Skill      XL: |  1  2  3  4  5  6  7  8  9 |
---------------+----------------------------+-----
Armour         | 2 3 4 5 |  5.4
Axes           | 3 4 5 6 8 |  8.0
Dodging        | 2 3 4 5 |  5.4
Fighting       | 4 5 6 7 8 |  8.7

Action                   |  1- 3 |  4- 6 |  7- 9 || total
-------------------------+-------+-------+-------++-------
Melee: Hand axe          |    75 |   173 |   332 ||   580
       Punch             |     1 |     3 |     6 ||    10
Invok: Berserk           |     1 |       |     6 ||     7
       Trog's Hand       |       |       |     3 ||     3
  Use: Scroll            |       |     5 |    10 ||    15
       Potion            |       |       |     1 ||     1
Armor: Animal skin       |     1 |       |       ||     1
       Chain mail        |    36 |   125 |   153 ||   314
       Scale mail        |     4 |       |       ||     4
Dodge: Dodged            |    27 |    68 |   114 ||   209

Table legend: (Time is in decaauts)
 A = Elapsed time spent in this place.
 B = Non-inter-level travel time spent in this place.
 C = Inter-level travel time spent in this place.
 D = Time resting spent in this place.
 E = Time spent auto-exploring this place.
 F = Levels seen in this place.
 G = Mean time per level.
                   A        B        C        D        E       F      G
               +--------+--------+--------+--------+--------+-----+--------+
         Total |   7597 |   7357 |    240 |    961 |   4991 |   8 |  949.6 |
       Dungeon |   7597 |   7357 |    240 |    961 |   4991 |   8 |  949.6 |
               +--------+--------+--------+--------+--------+-----+--------+

Top non-repeatable levels by time:
     D:2: 1703 daAuts
     D:6: 1187 daAuts
     D:5: 1180 daAuts
     D:3: 1097 daAuts
     D:1: 1000 daAuts
     D:7: 895 daAuts
     D:4: 477 daAuts
     D:8: 55 daAuts
